 Dungeon Crawl Stone Soup version 0.27-a0-760-gc38aae387d (webtiles) character file.

Game seed: 17257213946650745447

7498 polve the Severer (level 11, -10/101 HPs)
             Began as a Hill Orc Berserker on Mar 24, 2021.
             Was a High Priest of Trog.
             Shot with a bolt by an orc warrior (12 damage)
             ... in a bailey.
             The game lasted 00:10:35 (13139 turns).

polve the Severer (Hill Orc Berserker)             Turns: 13139, Time: 00:10:36

Health: -10/101    AC: 13    Str: 19 (21) XL:     11   Next: 16%
Magic:  3/3        EV: 10    Int:  6 (7)  God:    Trog [*****.]
Gold:   455        SH:  0    Dex: 10 (13) Spells: 10/10 levels left

rFire    + + .     SeeInvis .   i - +8 Wrath of Trog {antimagic, *Rage}
rCold    x . .     Faith    .   (shield currently unavailable)
rNeg     . . .     Spirit   .   g - +0 fire dragon scales
rPois    .         Reflect  .   n - +1 helmet
rElec    .         Harm     .   (no cloak)
rCorr    .         Rampage  .   (no gloves)
Will     .....     Rnd*Rage +   (no boots)
Stlth    ..........             o - amulet of the acrobat
HPRegen  0.26/turn              (no ring)
MPRegen  0.08/turn              (no ring)

@: berserk cooldown, hasted, very quick
A: no striking features
a: Renounce Religion, Berserk, Trog's Hand, Brothers in Arms


You were in a bailey.
You worshipped Trog.
Trog was extremely pleased with you.
You visited 1 branch of the dungeon, and saw 10 of its levels.
You also visited: Bailey.

You collected 455 gold pieces.

Inventory:

Hand Weapons
 i - the +8 Wrath of Trog (weapon) {antimagic, *Rage}
   (You found it on level 9 of the Dungeon)

   It reduces the magical energy of the wielder, and disrupts the spells and
   magical abilities of those hit.
   Natural abilities and divine invocations are not affected.
   It may make you go berserk in combat.
 m - a +2 longbow of flaming
 E - a +5 war axe
Armour
 g - +0 fire dragon scales (worn)
 n - a +1 helmet (worn)
Jewellery
 o - an amulet of the acrobat (around neck)
 C - the ring of Faimif {*Corrode rElec rPois rN+ Str+6}
   (You found it on level 8 of the Dungeon)

   [ring of strength]

   It affects your strength (+6).
   It insulates you from electricity.
   It protects you from poison.
   It protects you from negative energy.
   It may corrode you when you take damage.
Wands
 a - a wand of mindburst (38)
 b - a wand of acid (5)
 p - a wand of iceblast (22)
 t - a wand of random effects (22)
 x - a wand of polymorph (5)
 z - a wand of paralysis (19)
Scrolls
 d - 10 scrolls of identify {unknown}
 e - 2 scrolls of immolation {unknown}
 f - 3 scrolls of fog {unknown}
 k - 5 scrolls of teleportation {unknown}
 r - 2 scrolls of summoning {unknown}
 s - a scroll of amnesia {unknown}
 u - a scroll of torment {unknown}
 y - a scroll of silence {unknown}
 A - 3 scrolls of blinking {unknown}
 B - a scroll of magic mapping {unknown}
 F - a scroll of fear {unknown}
 G - a scroll of enchant armour {unknown}
Potions
 c - a potion of cancellation
 h - a potion of might
 j - a potion of curing
 l - a potion of haste
 q - 5 potions of heal wounds {unknown}
 v - 2 potions of brilliance {unknown}
 w - a potion of berserk rage {unknown}
 D - a potion of mutation {unknown}


   Skills:
 + Level 10.7 Fighting
 * Level 15.2 Axes
 + Level 9.5 Armour
 - Level 1.5 Dodging


You had 10 spell levels left.
You didn't know any spells.
Your spell library was empty.

Dungeon Overview and Level Annotations

Branches:
Dungeon (10/15)            Temple (0/1) D:7            Lair (0/6) D:9
    Orc (0/2) D:10         Bailey (1/1)

Altars:
Ashenzari
Cheibriados
Kikubaaqudgha
Qazlal
Ru
Trog
Wu Jian
Xom
Yredelemnul
Zin

Shops:
D:5 [   D:6 (


Message History

The orc warrior shoots a bolt.
The bolt hits you!
The orc warrior shoots a bolt.
The bolt hits you.
The orc warrior shoots a bolt.
The bolt completely misses you.
The orc warrior shoots a bolt.
The bolt hits you but does no damage.
The orc warrior shoots a bolt.
The bolt completely misses you.
The orc warrior shoots a bolt.
The bolt hits you!
The orc warrior shoots a bolt.
The bolt completely misses you.
The orc warrior shoots a bolt.
The bolt hits you! 2 orcs come into view.
The orc shouts! x2
The orc knight roars a battlecry!
The orcs go into a battle-frenzy!
The orc warrior shoots a bolt.
The bolt completely misses you.
The orc warrior shoots a bolt.
The bolt misses you.
The orc warrior shoots a bolt.
The bolt hits you.
The orc warrior shoots a bolt.
The bolt barely misses you.
Found a gate leading back out of this place.
The orc warrior shoots a bolt.
The bolt completely misses you.
The orc warrior shoots a bolt.
The bolt hits you but does no damage.
The orc warrior shoots a bolt.
The bolt misses you.
The orc warrior shoots a bolt.
The bolt closely misses you.
The orc warrior shoots a bolt.
The bolt completely misses you.
The orc warrior shoots a bolt.
The bolt completely misses you.
The orc warrior unwields a +0 arbalest.
The orc warrior hits you!
The orc warrior unwields a +0 arbalest.
The orc warrior barely misses you.
The orc warrior shoots a bolt.
The bolt misses you.
You hit the orc warrior but do no damage.
You slice the orc warrior!! The orc warrior hits you!
* * * LOW HITPOINT WARNING * * *
The orc warrior suddenly curses.
The orc warrior hits you!
* * * LOW HITPOINT WARNING * * *
The orc warrior shoots a bolt.
The bolt hits you!
* * * LOW HITPOINT WARNING * * *
The orc warrior closely misses you. The orc warrior hits you.
* * * LOW HITPOINT WARNING * * *
You feel yourself speed up.
You feel yourself speed up.
The orc warrior shoots a bolt.
The bolt hits you!
You die...

### #### ##∩##
#####
....##...##.....
≈≈≈..#...#..≈≈≈.
≈o≈≈.......≈≈o≈≈
.oo≈....oo.≈oo.≈
≈o≈≈....@..≈≈o≈≈
≈≈..#...#..≈≈≈.
. #.∩.# .....
##∩## #### ###


You could see an orc knight, 5 orc warriors and 4 orcs.

Vanquished Creatures
  Harold (D:7)
  A two-headed ogre (D:9)
  An obsidian statue (D:10)
  Pikel (D:6)
  A molten gargoyle (D:9)
  Maggie (D:6)
  A komodo dragon (D:9)
  2 yaks (D:9)
  2 steam dragons (D:7)
  Edmund (D:5)
  An acid dragon (D:8)
  2 water moccasins (D:9)
  6 orc warriors
  2 ice beasts (D:6)
  4 centaurs
  2 lemures (D:6)
  An ogre (D:5)
  2 phantoms (D:5)
  2 kobold brigands
  A gnoll sergeant (D:7)
  7 bullfrogs
  2 scorpions (D:5)
  4 killer bees
  4 wights (D:8)
  A bullfrog zombie (D:5)
  A centaur zombie (D:9)
  A hound (D:5)
  3 jellies
  A centaur skeleton (D:7)
  6 orc priests
  Ijyb (D:4)
  10 orc wizards
  Natasha (thrice) (D:3)
  2 worker ants
  A hound zombie (D:5)
  2 howler monkey zombies
  A worker ant zombie (D:5)
  Robin (D:4)
  5 adders
  13 gnolls
  A worm (D:3)
  3 dart slugs
  31 orcs
  8 ball pythons
  6 endoplasms
  3 giant cockroaches
  14 hobgoblins
  7 jackals
  3 quokkas
  4 bats
  A frilled lizard (D:3)
  13 goblins
  22 kobolds
  7 rats
227 creatures vanquished.

Vanquished Creatures (others)
  26 fungi (D:9)
  24 plants (D:9)
50 creatures vanquished.

Grand Total: 277 creatures vanquished

Notes
Turn   | Place    | Note
-------+----------+-------------------------------------------
     0 | D:1      | polve the Hill Orc Berserker began the quest for the Orb.
     0 | D:1      | Reached XP level 1. HP: 19/19 MP: 1/1
   371 | D:1      | Reached XP level 2. HP: 26/27 MP: 2/2
   942 | D:1      | Reached ** piety under Trog
   943 | D:1      | Reached XP level 3. HP: 28/33 MP: 3/3
  1540 | D:2      | Found a broken altar of Ashenzari.
  1728 | D:2      | Reached skill level 5 in Axes
  1993 | D:2      | Found a stormy altar of Qazlal.
  2093 | D:3      | Noticed Natasha
  2108 | D:3      | Killed Natasha
  2109 | D:3      | Reached XP level 4. HP: 40/40 MP: 4/4
  2384 | D:3      | Noticed Natasha
  2388 | D:3      | Reached XP level 5. HP: 34/47 MP: 5/5
  2391 | D:3      | Reached skill level 6 in Axes
  2398 | D:3      | Killed Natasha
  2616 | D:3      | Found a sacrificial altar of Ru.
  3369 | D:3      | Noticed Natasha
  3381 | D:3      | Killed Natasha
  3649 | D:4      | Identified the +6 whip "Pausos" {speed, rC- rN+++ Str-4
                  | Int+4}
  3657 | D:4      | Reached skill level 5 in Fighting
  3657 | D:4      | Reached XP level 6. HP: 56/56 MP: 6/6
  3658 | D:4      | Reached *** piety under Trog
  3687 | D:4      | Noticed Robin
  3694 | D:4      | Killed Robin
  3905 | D:4      | Found a snail-covered altar of Cheibriados.
  4320 | D:4      | Noticed Ijyb
  4352 | D:4      | Killed Ijyb
  4353 | D:4      | Reached skill level 7 in Axes
  4657 | D:4      | Found a basalt altar of Yredelemnul.
  5258 | D:5      | Entered Level 5 of the Dungeon
  5571 | D:5      | Reached XP level 7. HP: 55/61 MP: 7/7
  5637 | D:5      | Reached skill level 8 in Axes
  5723 | D:5      | Found Ajudgh's Antique Armour Boutique.
  6327 | D:5      | Reached skill level 5 in Armour
  6443 | D:5      | Reached skill level 9 in Axes
  6626 | D:5      | Reached XP level 8. HP: 71/71 MP: 8/8
  6738 | D:5      | Noticed Edmund
  6752 | D:5      | Killed Edmund
  7121 | D:6      | Reached skill level 10 in Axes
  7353 | D:6      | Noticed Pikel
  7373 | D:6      | Killed Pikel
  7374 | D:6      | Reached XP level 9. HP: 52/79 MP: 9/9
  7378 | D:6      | Reached skill level 11 in Axes
  7678 | D:6      | Noticed Maggie
  7691 | D:6      | Killed Maggie
  7759 | D:6      | Found Reen's Antique Weapon Shoppe.
  8527 | D:7      | Found a staircase to the Ecumenical Temple.
  8567 | D:7      | Reached **** piety under Trog
  8801 | D:7      | Reached skill level 12 in Axes
  9477 | D:7      | Noticed Harold
  9489 | D:7      | Killed Harold
  9490 | D:7      | Reached skill level 13 in Axes
  9490 | D:7      | Reached XP level 10. HP: 91/91 MP: 10/10
 10006 | D:8      | Found an ornate altar of the Wu Jian Council.
 10064 | D:8      | Found a broken altar of Ashenzari.
 10220 | D:8      | Identified the ring of Faimif {*Corrode rElec rPois rN+
                  | Str+6}
 11001 | D:8      | Reached ***** piety under Trog
 11042 | D:8      | Found a shimmering altar of Xom.
 11043 | D:8      | Noticed an angel
 11054 | D:8      | Found a glowing silver altar of Zin.
 11096 | D:8      | Found an ancient bone altar of Kikubaaqudgha.
 11156 | D:9      | Noticed a two-headed ogre
 11163 | D:9      | Killed a two-headed ogre
 11164 | D:9      | Reached skill level 14 in Axes
 11241 | D:9      | Found a bloodstained altar of Trog.
 11271 | D:9      | Reached skill level 10 in Fighting
 11494 | D:9      | Found a staircase to the Lair.
 12138 | D:9      | Received a gift from Trog
 12408 | D:9      | Found the +8 Wrath of Trog {antimagic, *Rage}
 12408 | D:9      | Noticed a molten gargoyle
 12413 | D:9      | Killed a molten gargoyle
 12414 | D:9      | Reached XP level 11. HP: 101/101 MP: 11/11
 12587 | D:10     | Entered Level 10 of the Dungeon
 12616 | D:10     | Noticed an obsidian statue
 12622 | D:10     | Noticed a sixfirhy
 12627 | D:10     | Killed an obsidian statue
 12628 | D:10     | Reached skill level 15 in Axes
 12875 | D:10     | Identified the +2 leather armour of the Assorted People
                  | {*Drain Regen+ Int+3 Dex+4}
 12912 | D:10     | Found a staircase to the Orcish Mines.
 13104 | D:10     | Found a flagged portal.
 13117 | Bailey   | Entered a bailey
 13117 | Bailey   | Noticed an orc knight
 13138 | Bailey   | HP: 1/101 [orc warrior (5)]
 13139 | Bailey   | Shot with a bolt by an orc warrior

Illustrated notes

Levels and vault maps discovered:
D:1:      kilobyte_arrival_exit_the_forest, layout_loops_ring,
          chequers_arboretum
D:2:      layout_rooms, general_overflow_altar, nicolae_qazlal_eye_of_the_storm
D:3:      layout_basic, nicolae_ru_path_of_blood, uniq_natasha
D:4:      layout_layer_cave, cheibriados_altar_1, yredelemnul_altar_generic,
          serial_bayou_lagoon_a, uniq_robin, uniq_ijyb
D:5:      layout_basic, serial_shops, shop, uniq_edmund
D:6:      layout_basic, serial_shops, shop, uniq_maggie, uniq_pikel
D:7:      layout_loops_ring, minmay_temple_entry_statues,
          grunt_decor_one_mirror, uniq_harold
D:8:      layout_rooms, lemuel_doored_altar,
          nicolae_kikubaaqudgha_miasma_corner,
          grunt_temple_overflow_order_and_chaos_1, evilmike_ruin_ashenzari
D:9:      lemuel_flame_loot_2, layout_rooms, kennysheep_mini_moat,
          due_lair_maze_entry_diamond, serial_co_window_serial,
          co_window_paths_b, co_window_of_opportunity_a,
          co_window_of_opportunity_a, co_window_corner_a, co_window_paths_b,
          co_window_unsneaky_path_e, co_window_of_opportunity_b,
          co_window_broadway_a, glass_columns_a, glass_columns_b,
          glass_columns_b
D:10:     layout_irregular_city, orc_0_dummy, enter_bailey_3, minivault_16,
          fedhas_bush_and_centaur_altar
Bailey:   bailey_polearm_4, bailey

Skill      XL: |  1  2  3  4  5  6  7  8  9 10 11 |
---------------+----------------------------------+-----
Fighting       | 4 5 6 7 9 10 | 10.7
Axes           | 5 6 7 9 10 13 14 15 | 15.2
Armour         | 3 4 5 6 8 9 |  9.5
Dodging        | |  1.5

Action                   |  1- 3 |  4- 6 |  7- 9 | 10-12 || total
-------------------------+-------+-------+-------+-------++-------
Melee: Hand axe          |    99 |   231 |   340 |       ||   670
       War axe           |       |       |    21 |   161 ||   182
       Battleaxe         |       |       |       |    38 ||    38
Invok: Berserk           |     2 |     5 |    10 |     9 ||    26
  Use: Potion            |       |       |       |     7 ||     7
 Stab: Sleeping          |     1 |       |       |       ||     1
Armor: Animal skin       |     8 |       |       |       ||     8
       Fire dragon scale |    13 |   127 |   150 |    93 ||   383
Dodge: Dodged            |    47 |   105 |   203 |   143 ||   498

Table legend: (Time is in decaauts)
 A = Elapsed time spent in this place.
 B = Non-inter-level travel time spent in this place.
 C = Inter-level travel time spent in this place.
 D = Time resting spent in this place.
 E = Time spent auto-exploring this place.
 F = Levels seen in this place.
 G = Mean time per level.
                   A        B        C        D        E       F      G
               +--------+--------+--------+--------+--------+-----+--------+
         Total |  13304 |  12928 |    376 |    653 |  10760 |  11 | 1209.5 |
       Dungeon |  13271 |  12895 |    376 |    653 |  10760 |  10 | 1327.1 |
        Bailey |     32 |     32 |      0 |      0 |      0 |   1 |   32.0 |
               +--------+--------+--------+--------+--------+-----+--------+

Top non-repeatable levels by time:
     D:5: 1805 daAuts
     D:4: 1630 daAuts
     D:6: 1630 daAuts
     D:3: 1599 daAuts
     D:1: 1509 daAuts
     D:9: 1435 daAuts
     D:7: 1320 daAuts
     D:8: 1176 daAuts
     D:2: 603 daAuts
    D:10: 560 daAuts
  Bailey: 32 daAuts
